 Dungeon Crawl Stone Soup version 0.27-a0-1200-g94dc6ad4cf (webtiles) character file.

Game seed: 5831413729588749589

54 Glokmah the Bolt Thrower (level 4, -14/35 HPs)
             Began as a Formicid Hunter on May 30, 2021.
             Demolished by Crazy Yiuf
             ... wielding a +2 quarterstaff of chaos
              (15 damage)
             ... on level 2 of the Dungeon.
             The game lasted 00:03:21 (2180 turns).

Glokmah the Bolt Thrower (Formicid Hunter)          Turns: 2180, Time: 00:03:22

Health: -14/35     AC:  3    Str: 17    XL:     4   Next: 12%
Magic:  4/4        EV: 12    Int: 10    God:
Gold:   26         SH:  0    Dex: 18    Spells: 3/3 levels left

rFire    . . .     SeeInvis +   a - +1 hand crossbow
rCold    . . .     Faith    .   (no shield)
rNeg     . . .     Spirit   .   c - +0 leather armour
rPois    .         Reflect  .   (helmet unavailable)
rElec    .         Harm     .   (no cloak)
rCorr    .         Rampage  .   (no gloves)
Will     +....                  (no boots)
Stlth    ++........             (no amulet)
HPRegen  0.11/turn              g - ring of willpower
MPRegen  0.09/turn              i - +6 ring of dexterity

@: lethally poisoned (-14 -> -19)
A: permanent stasis, dig shafts and tunnels, antennae 3, four strong arms
a: Dig, Shaft Self


You were on level 2 of the Dungeon.
You visited 1 branch of the dungeon, and saw 2 of its levels.

You collected 26 gold pieces.

Inventory:

Hand Weapons
 a - a +1 hand crossbow (weapon)
 b - a +0 short sword
Missiles
 d - 10 bolts (quivered ammo)
 m - 6 poisoned darts
Armour
 c - a +0 leather armour (worn)
Jewellery
 g - a ring of willpower (left hand)
 i - a +6 ring of dexterity (right hand)
Wands
 j - a wand of flame (14)
Scrolls
 e - a scroll of summoning {unknown}
 h - a scroll of acquirement {unknown}
 l - a scroll of silence {unknown}
Potions
 f - a potion of resistance {unknown}
 k - a potion of attraction {unknown}


   Skills:
 + Level 3.1 Fighting
 * Level 5.0 Crossbows
 - Level 1.7 Dodging
 - Level 1.2 Stealth


You had 3 spell levels left.
You didn't know any spells.
Your spell library was empty.

Dungeon Overview and Level Annotations

Branches:
Dungeon (2/15)

Altars:
Gozag

Annotations:
D:2 Crazy Yiuf


Innate Abilities, Weirdness & Mutations

You cannot be hasted, slowed, berserked, paralysed or teleported.
You can dig through walls and to a lower floor.
You have a pair of large antennae on your head. (SInv)
Your four strong arms can wield two-handed weapons with a shield.


Message History

Fire: 15 bolts
Press: ? - help, Q - select action, (/) - cycle Shift-Dir - straight line, f/p - Crazy Yiuf
Aim: Crazy Yiuf, wielding a +2 quarterstaff of chaos and wearing a +0 cloak (moderately wounded, 71% to hit)
You shoot a bolt. The bolt barely misses Crazy Yiuf.
Crazy Yiuf yells, "Orb illywillydillykilly sow!"
Crazy Yiuf misses you.
Fire: 14 bolts
Press: ? - help, Q - select action, (/) - cycle Shift-Dir - straight line, f/p - Crazy Yiuf
Aim: Crazy Yiuf, wielding a +2 quarterstaff of chaos and wearing a +0 cloak (moderately wounded, 71% to hit)
You shoot a bolt. The bolt hits Crazy Yiuf.
Crazy Yiuf is heavily wounded.
Crazy Yiuf hits you with a +2 quarterstaff of chaos!
You are poisoned.
Fire: 13 bolts
Press: ? - help, Q - select action, (/) - cycle Shift-Dir - straight line, f/p - Crazy Yiuf
Aim: Crazy Yiuf, wielding a +2 quarterstaff of chaos and wearing a +0 cloak (heavily wounded, 71% to hit)
You shoot a bolt. The bolt hits Crazy Yiuf.
Crazy Yiuf is heavily wounded.
You feel very sick.
Crazy Yiuf hits you with a +2 quarterstaff of chaos.
Crazy Yiuf draws strength from your wounds!
Fire: 12 bolts
Press: ? - help, Q - select action, (/) - cycle Shift-Dir - straight line, f/p - Crazy Yiuf
Aim: Crazy Yiuf, wielding a +2 quarterstaff of chaos and wearing a +0 cloak (heavily wounded, 71% to hit)
You shoot a bolt.
The bolt hits Crazy Yiuf but does no damage.
Crazy Yiuf is heavily wounded.
You feel very sick.
Crazy Yiuf hits you with a +2 quarterstaff of chaos.
Crazy Yiuf burns you. Crazy Yiuf closely misses you.
Fire: 11 bolts
Press: ? - help, Q - select action, (/) - cycle Shift-Dir - straight line, f/p - Crazy Yiuf
Aim: Crazy Yiuf, wielding a +2 quarterstaff of chaos and wearing a +0 cloak (moderately wounded, 71% to hit)
You shoot a bolt. The bolt hits Crazy Yiuf.
Crazy Yiuf is heavily wounded.
You feel sick.
Crazy Yiuf hits you with a +2 quarterstaff of chaos!
* * * LOW HITPOINT WARNING * * *
You are electrocuted!
You die...

#.....# ####'##
#.# #.# #.#
#.####♣♣♣♣♣
#.##....♣.♣♣♣ ###
#........♣..♣#...#
##......♣♣♣♣@g(.(#
##....♣♣ ♣♣#..)#
####♣♣ ###


You could see Crazy Yiuf.

Vanquished Creatures
  Terence (D:2)
  2 ball pythons (D:2)
  2 bats
  An endoplasm (D:1)
  2 giant cockroaches (D:1)
  A goblin (D:1)
  4 hobgoblins (D:1)
  3 jackals (D:1)
  3 quokkas
  5 kobolds (D:1)
  A rat (D:1)
25 creatures vanquished.

Notes
Turn   | Place    | Note
-------+----------+-------------------------------------------
     0 | D:1      | Glokmah the Formicid Hunter began the quest for the Orb.
     0 | D:1      | Reached XP level 1. HP: 16/16 MP: 1/1
   412 | D:1      | Reached XP level 2. HP: 17/23 MP: 2/2
   954 | D:1      | Reached XP level 3. HP: 14/28 MP: 3/3
  1643 | D:2      | Noticed Terence
  1955 | D:2      | Killed Terence
  1956 | D:2      | Reached skill level 5 in Crossbows
  1956 | D:2      | Reached XP level 4. HP: 35/35 MP: 4/4
  1978 | D:2      | Found a faded altar of an unknown god.
  1986 | D:2      | Found an opulent altar of Gozag.
  2167 | D:2      | Found a runed translucent door.
  2168 | D:2      | Noticed Crazy Yiuf
  2180 | D:2      | HP: 1/35 [Crazy Yiuf/+2 quarterstaff of chaos (11)]
  2180 | D:2      | Demolished by Crazy Yiuf

Illustrated notes

Levels and vault maps discovered:
D:1:      amcnicky_arrival_wind_blow, layout_basic, bh_walls_and_bars
D:2:      layout_basic, basic_ecumenical_altar, basic_altar, uniq_terence,
          uniq_crazy_yiuf_cottage

Skill      XL: |  1  2  3 |
---------------+----------+-----
Fighting       | 3 |  3.1
Crossbows      | 5 |  5.0
Dodging        | |  1.7
Stealth        | |  1.2

Action                   |  1- 3 |  4- 6 || total
-------------------------+-------+-------++-------
Melee: Short sword       |    91 |    19 ||   110
 Fire: Hand crossbow     |    19 |     8 ||    27
 Stab: Sleeping          |     1 |       ||     1
Armor: Leather armour    |    24 |     4 ||    28
Dodge: Dodged            |    71 |    18 ||    89

Table legend: (Time is in decaauts)
 A = Elapsed time spent in this place.
 B = Non-inter-level travel time spent in this place.
 C = Inter-level travel time spent in this place.
 D = Time resting spent in this place.
 E = Time spent auto-exploring this place.
 F = Levels seen in this place.
 G = Mean time per level.
                   A        B        C        D        E       F      G
               +--------+--------+--------+--------+--------+-----+--------+
         Total |   2192 |   2135 |     57 |    860 |    903 |   2 | 1096.0 |
       Dungeon |   2192 |   2135 |     57 |    860 |    903 |   2 | 1096.0 |
               +--------+--------+--------+--------+--------+-----+--------+

Top non-repeatable levels by time:
     D:1: 1931 daAuts
     D:2: 260 daAuts
